 Dungeon Crawl Stone Soup version 0.29-a0-323-g050149af67 (webtiles) character file.

Game seed: 16178824200432035137

183 enile the Skirmisher (level 5, 0/43 HPs)
             Began as a Formicid Wanderer on Apr 12, 2022.
             Succumbed to a scorpion's poison
             ... on level 4 of the Dungeon.
             The game lasted 00:04:48 (1997 turns).

enile the Skirmisher (Formicid Wanderer)            Turns: 1997, Time: 00:04:49

Health: 0/43       AC:  3    Str: 14    XL:     5   Next: 94%
Magic:  9/9        EV: 11    Int: 21    God:
Gold:   70         SH:  0    Dex: 11    Spells: 9/10 levels left

rFire   . . .      SeeInvis +   a - +2 quarterstaff (vorpal)
rCold   . . .      Faith    .   (no shield)
rNeg    . . .      Spirit   .   e - +0 leather armour
rPois   .          Reflect  .   (helmet unavailable)
rElec   .          Harm     .   (no cloak)
rCorr   .          Rampage  .   (no gloves)
Will    .....                   (no boots)
Stlth   +.........              (no amulet)
HPRegen 0.14/turn               l - +6 ring of intelligence
MPRegen 0.11/turn               (no ring)

@: lethally poisoned (0 -> -2)
A: permanent stasis, dig shafts and tunnels, antennae 3, four strong arms
a: Dig, Shaft Self


You were on level 4 of the Dungeon.
You visited 1 branch of the dungeon, and saw 3 of its levels.

You collected 96 gold pieces.
You spent 26 gold pieces at shops.

Inventory:

Hand Weapons
 a - a +2 vorpal quarterstaff (weapon)
 c - a +0 dagger
 f - a +3 whip
 m - a +0 lajatang
Missiles
 b - 6 boomerangs (quivered)
Armour
 d - a +3 chain mail
 e - a +0 leather armour (worn)
Jewellery
 l - a +6 ring of intelligence (left hand)
Scrolls
 i - a scroll of teleportation
 k - a scroll of fog
 n - a scroll of blinking


   Skills:
 + Level 4.6 Fighting
 - Level 3.0 Staves
 - Level 1.0 Throwing
 - Level 2.2 Armour
 - Level 3.0 Spellcasting
 - Level 1.0 Fire Magic
 - Level 2.1 Evocations


You had 9 spell levels left.
You knew the following spells:

 Your Spells              Type           Power      Damage    Failure   Level
a - Foxfire               Conj/Fire      20%        2x1d5     13%         1

Your spell library contained the following spells:

 Spells                   Type           Power      Damage    Failure   Level
 Conjure Flame            Conj/Fire      5%         6-21      36%         3
 Ozocubu's Armour         Ice            3%         N/A       43%         3
 Stone Arrow              Conj/Erth      6%         3d7       43%         3
 Lee's Rapid Deconstruct  Erth           1%         3d5*      99%         5
 Ozocubu's Refrigeration  Ice            1%         4d5       100%        7
 Shatter                  Erth           1%         3d6*      100%        9


Dungeon Overview and Level Annotations

Branches:
Dungeon (2/15)

Altars:

Shops:
D:1 *

Annotations:
D:2 Robin


Innate Abilities, Weirdness & Mutations

You cannot be hasted, slowed, berserked, paralysed or teleported.
You can dig through walls and to a lower floor.
You have a pair of large antennae on your head. (SInv)
Your four strong arms can wield two-handed weapons with a shield.


Message History

This is a scroll of acquirement!
Something appears at your feet!
You feel very sick. The scorpion barely misses you.
Okay, then.
Okay, then.
As you read the scroll labelled ZAMUETSOASK, it crumbles to dust.
It is a scroll of identify.
n - a scroll of blinking You feel sick.
The scorpion barely misses you.
Okay, then.
As you read the scroll labelled TIZOME CUH YBA, it crumbles to dust.
You feel a strange sense of stasis.
It was a scroll of teleportation.
You feel sick. The scorpion stings you.
* * * LOW HITPOINT WARNING * * *
As you read the scroll labelled NUEKHLY KIASOIG, it crumbles to dust.
It is a scroll of enchant weapon.
Your +0 vorpal quarterstaff glows red for a moment.
You feel sick. The scorpion misses you.
You barely miss the scorpion.
The scorpion is moderately wounded.
You feel sick. The scorpion stings you.
* * * LOW HITPOINT WARNING * * *
The scorpion barely misses you.
Okay, then.
You aren't carrying any items that you can evoke.
Okay, then.
Okay, then.
You thump the scorpion!
You kill the scorpion!
* * * LOW HITPOINT WARNING * * *
You feel sick.
Training target 4.0 for Fighting reached!
Your Fighting skill increases to level 4!
You need to enable at least one skill for training.
There is a lethal amount of poison in your body!
Okay, then.
As you read the scroll of enchant weapon, it crumbles to dust.
Your +1 vorpal quarterstaff glows red for a moment.
You die...

#... #.... #. #
#<... ##.# ..##....
###..#
.....######....#
{.............# #
#..[........## #
#.@# #...## # #..#
##....### # ##.##
##.......###
#..####รท..###....#
#..##..)### ##....
##......## ###..
##.......# ##.
##...###..## #.
....##
##...####...######
#..


There were no monsters in sight!

Vanquished Creatures
  A phantom (D:4)
  A scorpion (D:4)
  An adder (D:4)
  2 dart slugs
  3 ball pythons (D:1)
  2 endoplasms
  A giant cockroach (D:1)
  5 goblins
  4 hobgoblins
  6 jackals
  4 quokkas
  2 bats (D:1)
  2 frilled lizards
  4 kobolds (D:1)
  A rat (D:1)
39 creatures vanquished.

Vanquished Creatures (others)
  18 foxfires
18 creatures vanquished.

Grand Total: 57 creatures vanquished

Notes
Turn   | Place    | Note
-------+----------+-------------------------------------------
     0 | D:1      | enile the Formicid Wanderer began the quest for the Orb.
     0 | D:1      | enile set off with the following items: a +0 vorpal
                  | quarterstaff, 6 boomerangs, a +0 dagger, a scroll of fear,
                  | a +0 leather armour; and the following spell memorised:
                  | Foxfire; and the following spells available to memorise:
                  | Conjure Flame
     0 | D:1      | Reached XP level 1. HP: 13/13 MP: 2/2
    74 | D:1      | Reached skill level 1 in Fighting
   165 | D:1      | Reached XP level 2. HP: 19/22 MP: 3/3
   285 | D:1      | Got the Compendium of Clay
   312 | D:1      | Reached skill level 2 in Fighting
   703 | D:1      | Reached XP level 3. HP: 14/28 MP: 2/4
   929 | D:1      | Found Dupsam's General Store.
   937 | D:1      | Bought a scroll of fog for 26 gold pieces
  1236 | D:2      | Reached skill level 3 in Fighting
  1389 | D:2      | Noticed Robin
  1423 | D:2      | You fall into a shaft and drop 2 floors!
  1606 | D:4      | Reached XP level 4. HP: 25/31 MP: 5/7
  1721 | D:4      | Noticed a phantom
  1739 | D:4      | Killed a phantom
  1740 | D:4      | Reached XP level 5. HP: 10/42 MP: 6/9
  1991 | D:4      | Identified a scroll of acquirement
  1991 | D:4      | Acquired the -3 cloak "Kepaediu" {Harm rC+ Will- Str+8}
  1995 | D:4      | HP: 2/42 [scorpion (3)]
  1997 | D:4      | Reached skill level 4 in Fighting
  1997 | D:4      | Succumbed to a scorpion's poison

Illustrated notes

Levels and vault maps discovered:
D:1:      wheals_arrival_shading, layout_basic, serial_shops, shop,
          wander_ebering_terrifying_dragon_lair
D:2:      layout_loops_ring, uniq_sigmund, uniq_robin
D:4:      layout_layer_cave, uniq_edmund

Skill      XL: |  1  2  3  4  5 |
---------------+----------------+-----
Fighting       | 1 2 3 4 |  4.6
Spellcasting   | 2 3 |  3.0
Staves         | |  3.0
Throwing       | |  1.0
Armour         | |  2.2
Fire Magic     | |  1.0
Evocations     | |  2.1

Action                   |  1- 3 |  4- 6 || total
-------------------------+-------+-------++-------
Melee: Quarterstaff      |    73 |    15 ||    88
       Lajatang          |    25 |       ||    25
 Cast: Foxfire           |    14 |     1 ||    15
 Abil: Dig               |     2 |       ||     2
       Shaft Self        |     1 |       ||     1
  Use: Scroll            |     1 |     5 ||     6
       Potion            |     1 |       ||     1
Armor: Leather armour    |    39 |     1 ||    40
Dodge: Dodged            |    85 |     9 ||    94

Table legend: (Time is in decaauts)
 A = Elapsed time spent in this place.
 B = Non-inter-level travel time spent in this place.
 C = Inter-level travel time spent in this place.
 D = Time resting spent in this place.
 E = Time spent auto-exploring this place.
 F = Levels seen in this place.
 G = Mean time per level.
                   A        B        C        D        E       F      G
               +--------+--------+--------+--------+--------+-----+--------+
         Total |   2014 |   1943 |     71 |      0 |   1635 |   3 |  671.3 |
       Dungeon |   2014 |   1943 |     71 |      0 |   1635 |   3 |  671.3 |
               +--------+--------+--------+--------+--------+-----+--------+

Top non-repeatable levels by time:
     D:1: 1226 daAuts
     D:4: 577 daAuts
     D:2: 210 daAuts
